 Dungeon Crawl Stone Soup version 0.19.3-4-gbf9329e (console) character file.

90998 Kloppie the Cleaver (level 15, 0/112 HPs)
             Began as a Demonspawn Berserker on Jan 28, 2017.
             Was the Champion of Trog.
             Slain by an orc warrior
             ... wielding a +0 trident
              (6 damage)
             ... on level 2 of the Orcish Mines.
             The game lasted 00:33:39 (20680 turns).

Kloppie the Cleaver (Demonspawn Berserker)         Turns: 20680, Time: 00:33:39

Health: 0/112      AC: 31    Str: 18    XL:     15   Next: 53%
Magic:  15/15      EV: 15    Int:  6    God:    Trog [******]
Gold:   2223       SH: 13    Dex: 24    Spells: 0 memorised, 14 levels left

rFire  + . .     SeeInvis +     v - +6 broad axe (chop)
rCold  + . .     Gourm    .     J - +0 plate armour {rN+}
rNeg   + + +     Faith    .     r - +0 shield
rPois  .         Spirit   .     Q - +0 hat
rElec  .         Reflect  .     x - +2 cloak
rCorr  .         Harm     .     D - +2 pair of gloves "Ypneacakh" {rN++}
MR     +++..     Rnd*Tele +     (no boots)
Stlth  ..........               (no amulet)
                                P - ring of see invisible
                                o - +5 ring of slaying

@: agile, about to teleport, sanguine armour, regenerating
A: hooves 1, horns 2, blink, cold resistance 1, dopey 1, fire resistance 1,
frail 1, sense surroundings 1, powered by death 3, powered by pain 2,
regeneration 1, teleportitis 1, wild magic 1, sanguine armour 2
a: Blink, Berserk, Trog's Hand, Brothers in Arms, Burn Spellbooks, Renounce
Religion


You were on level 2 of the Orcish Mines.
You worshipped Trog.
Trog was exalted by your worship.
You were not hungry.

You visited 3 branches of the dungeon, and saw 23 of its levels.

You collected 2223 gold pieces.

Inventory:

Hand Weapons
 a - a +7 antimagic broad axe
 b - a +2 war axe of flaming
 v - a +6 broad axe of chopping (weapon)
 R - a +4 vampiric broad axe
Armour
 r - a +0 shield (worn)
 x - a +2 cloak (worn)
 D - the +2 pair of gloves "Ypneacakh" (worn) {rN++}
   (You acquired it on level 14 of the Dungeon)

   It greatly protects you from negative energy.
 J - a +0 plate armour of positive energy (worn)
 Q - a +0 hat (worn)
Jewellery
 n - an uncursed ring of flight
 o - a +5 ring of slaying (left hand)
 A - an uncursed amulet of magic regeneration
 P - a ring of see invisible (right hand)
Wands
 l - a wand of digging (5/24)
 w - a wand of disintegration (16/24)
 z - a wand of heal wounds (2/9)
 C - a wand of heal wounds (3/9)
Scrolls
 g - 4 scrolls of blinking
 h - 9 scrolls of teleportation
 s - a scroll of recharging
 B - 10 scrolls of identify
 E - 9 scrolls of remove curse
 F - 2 scrolls of magic mapping
Potions
 d - 7 potions of haste
 e - 5 potions of curing
 f - a potion of lignification
 m - 2 potions of heal wounds
 G - 2 potions of invisibility
 I - 2 potions of flight
 M - a potion of cancellation
Comestibles
 c - 14 bread rations
 i - 41 fruits
 j - 3 chunks of flesh
 q - 5 meat rations
 t - 2 beef jerkies
 L - 27 royal jellies


   Skills:
 - Level 13.9 Fighting
 + Level 14.6 Axes
 - Level 11.8 Armour
 * Level 6.6 Dodging
 - Level 11.0 Shields


You had 14 spell levels left.
You didn't know any spells.

Dungeon Overview and Level Annotations

Branches:
Dungeon (15/15)            Temple (0/1) D:6            Lair (6/6) D:8
  Swamp (0/4) Lair:2        Snake (0/4) Lair:4        Slime (0/5) Lair:5
    Orc (2/2) D:9          Vaults (0/5) D:13         Depths (0/5) D:15
    Elf: Orc:2

Altars:
Fedhas
Nemelex Xobeh
Okawaru
Sif Muna
Trog
Vehumet
Zin
The Shining One

Shops:
Orc:2 :

Annotations:
Orc:2 toffzen's ghost, journeyman DECj


Innate Abilities, Weirdness & Mutations

You have large cloven feet.
You regenerate a lot of health from kills.
You sometimes gain power by taking damage.
When seriously injured, your bleeding wounds create thick armour. (AC +9)
You have a pair of horns on your head.
You can translocate small distances at will.
Your flesh is cold resistant. (rC+)
You are dopey. (Int -2)
Your flesh is heat resistant. (rF+)
You are frail. (-10% HP)
You passively map a small area around you.
Your natural rate of healing is unusually fast.
You are occasionally teleported next to monsters.
Your spells are a little harder to cast, but a little more powerful.


Message History

The orc priest calls down the wrath of Beogh upon you.
Beogh smites you!
* * * LOW HITPOINT WARNING * * *
The orc knight closely misses you. You block the orc warrior's attack.
As you read the scroll of teleportation, it crumbles to dust.
You feel strangely unstable. The orc warrior barely misses you.
The orc warrior hits you but does no damage.
You block the orc warrior's attack. The orc knight barely misses you.
The orc high priest hits you but does no damage.
The orc warrior hits you from afar with a halberd!
* * * LOW HITPOINT WARNING * * *
You focus on the pain.
You feel agile all of a sudden. The orc knight hits you with a war axe!
* * * LOW HITPOINT WARNING * * *
The orc warrior misses you.
The orc warrior hits you with a trident!
* * * LOW HITPOINT WARNING * * *
The orc warrior hits you from afar with a trident.
You die... ##... ... #...#,..#., ##..o.o.... , #...o#o..#. #.o..oooo.. #oooo#o..#. #.oooooo...

#.o§.#oo.#.
##§@§oooW..
#ooo#..*#.
##.oo.....,
* #..#...#.
##.......
*##.#.## *
.,.∩# # ##


You could see 3 orc knights, 4 orc high priests, 8 orc warriors, 5 orc priests,
a battlesphere, toffzen's ghost and 5 orcs.

Vanquished Creatures
  Kirke (Lair:6)
  An orc warlord (Orc:1)
  Azrael (D:12)
  Snorg (Lair:3)
  8 vault guards (D:13)
  The ghost of Kloppie the Fighter, a journeyman DsBe of Trog (Lair:1)
  7 hydras
  Harold (Lair:3)
  A death knight (D:11)
  3 centaur warriors
  A catoblepas (D:11)
  Sonja (Lair:4)
  5 skeletal warriors
  A glowing orange brain (D:15)
  A phantasmal warrior (D:11)
  2 unseen horrors
  3 hill giants
  10 ugly things
  An orc knight (D:15)
  A wolf spider zombie (D:11)
  A wolf spider (Lair:6)
  4 orc sorcerers
  A cyclops (D:14)
  A cyclops (shapeshifter) (D:15)
  A manticore (D:15)
  4 elephants (Lair:4)
  A water nymph (shapeshifter) (D:15)
  The ghost of luab the Covered, a novice HOFi of Beogh (D:4)
  A guardian serpent (Lair:6)
  11 black mambas
  2 gargoyles
  Psyche (D:12)
  16 spiny frogs
  Maurice (D:9)
  2 torpor snails (Lair:6)
  A spiny frog (shapeshifter) (D:15)
  2 rime drakes (Lair:6)
  8 komodo dragons
  2 kobold demonologists (D:13)
  2 freezing wraiths (D:11)
  4 polar bears
  A queen bee (shapeshifter) (D:15)
  A queen bee (Lair:3)
  16 slime creatures
  6 trolls
  5 hornets (Lair:6)
  2 two-headed ogres
  13 blink frogs
  11 hippogriffs
  2 centaur simulacra (D:15)
  2 shadows
  2 redbacks (Lair:6)
  A vampire (D:15)
  3 basilisks
  4 hogs (Lair:6)
  3 hungry ghosts
  39 yaks
  2 fire elementals (D:12)
  Eustachio (D:5)
  10 wyverns
  A steam dragon (D:12)
  Edmund (D:5)
  4 wargs
  2 mottled dragons
  3 vampire mosquitoes (D:13)
  A soldier ant (shapeshifter) (D:14)
  24 water moccasins
  3 hell hounds (D:12)
  Duvessa (D:7)
  7 porcupines
  A sky beast (D:7)
  11 orc warriors
  3 ice beasts
  2 phantoms (D:9)
  An eye of draining (D:12)
  9 ogres
  14 wolves
  4 centaurs
  9 crocodiles
  6 big kobolds
  19 bullfrogs
  A wyvern zombie (D:14)
  2 wyvern skeletons
  6 scorpions
  Dowan (D:7)
  29 killer bees
  3 electric eels (Lair:2)
  2 howler monkeys
  11 crimson imps
  3 centaur zombies
  5 bullfrog zombies
  4 hounds
  5 jellies
  A bullfrog skeleton (D:4)
  12 orc priests
  9 orc wizards
  4 centaur skeletons
  7 iguanas
  17 worker ants
  Natasha (thrice) (D:2)
  2 hound skeletons
  A howler monkey zombie (D:7)
  4 gnolls (Orc:1)
  21 adders
  A river rat (Lair:6)
  4 shadow imps
  6 oozes
  An adder skeleton (D:8)
  An adder zombie (D:10)
  2 worms (D:3)
  A dart slug (D:4)
  10 leopard geckos
  74 orcs
  2 ball pythons
  3 giant cockroaches
  6 goblins
  7 hobgoblins
  13 jackals
  3 quokkas
  3 bats
  7 frilled lizards
  39 kobolds
  A quokka skeleton (D:5)
  6 rats
  6 fungi
  3 plants
720 creatures vanquished.

Vanquished Creatures (collateral kills)
  Rupert (Lair:4)
  Frances (D:12)
  A water moccasin (Lair:4)
  A bullfrog zombie (D:12)
  A jelly (D:12)
5 creatures vanquished.

Vanquished Creatures (others)
  3 humans (Lair:6)
  A bush (Lair:3)
  7 fungi
  13 plants
24 creatures vanquished.

Grand Total: 749 creatures vanquished

Notes
Turn   | Place    | Note
-------+----------+-------------------------------------------
     0 | D:1      | Kloppie the Demonspawn Berserker began the quest for the Orb.
     0 | D:1      | Reached XP level 1. HP: 18/18 MP: 1/1
   119 | D:1      | Gained mutation: You regenerate a little health from kills. [demonic ancestry]
   119 | D:1      | Reached XP level 2. HP: 11/24 MP: 2/2
   784 | D:1      | Reached skill level 3 in Axes
   857 | D:1      | Reached XP level 3. HP: 19/30 MP: 3/3
  1008 | D:2      | Noticed Natasha
  1017 | D:2      | Killed Natasha
  1147 | D:2      | Reached ** piety under Trog
  1272 | D:2      | Found a glowing silver altar of Zin.
  1312 | D:2      | Noticed Natasha
  1318 | D:2      | Killed Natasha
  1318 | D:2      | Reached XP level 4. HP: 36/38 MP: 4/4
  1335 | D:2      | Noticed Natasha
  1340 | D:2      | Killed Natasha
  1383 | D:2      | You fall through a shaft for 2 floors!
  1504 | D:3      | Reached skill level 5 in Fighting
  1669 | D:3      | Gained mutation: You regenerate health from kills. [demonic ancestry]
  1669 | D:3      | Reached XP level 5. HP: 37/44 MP: 5/5
  2285 | D:4      | Reached skill level 4 in Axes
  2363 | D:4      | Noticed luab's ghost (novice HOFi)
  2375 | D:4      | Reached *** piety under Trog
  2375 | D:4      | Reached XP level 6. HP: 23/52 MP: 6/6
  2378 | D:4      | Killed luab's ghost
  2378 | D:4      | Reached XP level 7. HP: 18/60 MP: 7/7
  2592 | D:4      | Reached skill level 5 in Axes
  2940 | D:4      | Gained mutation: You passively map a small area around you. [potion of mutation]
  2940 | D:4      | Gained mutation: Scrolls take you a little longer to read. [potion of mutation]
  2940 | D:4      | Gained mutation: You are frail. (-10% HP) [potion of mutation]
  2941 | D:4      | Gained mutation: You are occasionally teleported next to monsters. [potion of mutation]
  2941 | D:4      | Gained mutation: You are agile. (Dex +2) [potion of mutation]
  2943 | D:5      | Entered Level 5 of the Dungeon
  2946 | D:5      | Noticed Eustachio
  2959 | D:5      | Killed Eustachio
  2959 | D:5      | Reached XP level 8. HP: 60/60 MP: 8/8
  3102 | D:5      | Reached skill level 6 in Axes
  3102 | D:5      | Reached skill level 5 in Armour
  3451 | D:5      | Noticed Edmund
  3467 | D:5      | Killed Edmund
  3971 | D:6      | Found a bloodstained altar of Trog.
  3972 | D:6      | Found a deep blue altar of Sif Muna.
  4004 | D:6      | Found a staircase to the Ecumenical Temple.
  4039 | D:6      | Reached **** piety under Trog
  4063 | D:6      | Gained mutation: When seriously injured, your bleeding wounds create armour. (AC +9) [demonic ancestry]
  4063 | D:6      | Reached XP level 9. HP: 61/64 MP: 9/9
  4528 | D:7      | Reached skill level 7 in Axes
  4850 | D:7      | Gained mutation: You have a pair of small horns on your head. [mutagenic meat]
  4851 | D:7      | Gained mutation: Your mind is acute. (Int +2) [mutagenic meat]
  4853 | D:7      | Gained mutation: You occasionally shout uncontrollably at your foes. [mutagenic meat]
  4854 | D:7      | Lost mutation: You occasionally shout uncontrollably at your foes. [mutagenic meat]
  5405 | D:7      | Noticed Dowan
  5407 | D:7      | Noticed Duvessa
  5411 | D:7      | Killed Dowan
  5416 | D:7      | Killed Duvessa
  5517 | D:8      | Found a staircase to the Lair.
  5528 | D:8      | Found a sparkling altar of Nemelex Xobeh.
  5748 | D:8      | Found a blossoming altar of Fedhas.
  5923 | D:8      | Killed an unseen horror
  5923 | D:8      | Reached skill level 8 in Axes
  6494 | D:9      | Noticed Maurice
  6501 | D:9      | Killed Maurice
  6501 | D:9      | Gained mutation: You have large cloven feet. [demonic ancestry]
  6501 | D:9      | Reached XP level 10. HP: 76/76 MP: 10/10
  6502 | D:9      | Reached skill level 10 in Fighting
  6633 | D:9      | Reached ***** piety under Trog
  6897 | D:9      | Found a staircase to the Orcish Mines.
  7626 | D:10     | Entered Level 10 of the Dungeon
  7775 | D:10     | Received a gift from Trog
  7885 | D:10     | Reached skill level 9 in Axes
  8518 | Lair:1   | Entered Level 1 of the Lair of Beasts
  8518 | Lair:1   | Noticed a spiny frog
  8529 | Lair:1   | Killed a spiny frog
  8828 | Lair:1   | Noticed Kloppie's ghost (journeyman DsBe)
  8847 | Lair:1   | Killed Kloppie's ghost
  8847 | Lair:1   | Reached XP level 11. HP: 40/82 MP: 11/11
  9652 | Lair:2   | Noticed a four-headed hydra
  9665 | Lair:2   | Killed a four-headed hydra
  9665 | Lair:2   | Reached skill level 10 in Axes
  9665 | Lair:2   | Reached skill level 1 in Shields
  9879 | Lair:2   | Found a staircase to the Swamp.
  9890 | Lair:2   | Gained mutation: You have a pair of horns on your head. [potion of mutation]
  9890 | Lair:2   | Gained mutation: Your flesh is cold resistant. (rC+) [potion of mutation]
  9890 | Lair:2   | Lost mutation: Your mind is acute. (Int +2) [potion of mutation]
  9927 | Lair:2   | Received a gift from Trog
 10272 | Lair:2   | Reached skill level 5 in Shields
 10948 | Lair:3   | Noticed Snorg
 10965 | Lair:3   | Killed Snorg
 11001 | Lair:3   | Gained mutation: When seriously injured, your bleeding wounds create thick armour. (AC +9) [demonic ancestry]
 11001 | Lair:3   | Reached XP level 12. HP: 87/88 MP: 4/12
 11073 | Lair:3   | Reached skill level 11 in Axes
 11218 | Lair:3   | Noticed a four-headed hydra
 11232 | Lair:3   | Killed a six-headed hydra
 11384 | Lair:3   | Noticed Harold
 11397 | Lair:3   | Killed Harold
 11955 | Lair:2   | Noticed a seven-headed hydra
 11964 | Lair:2   | Killed a seven-headed hydra
 12161 | Lair:4   | Found a staircase to the Snake Pit.
 12256 | Lair:4   | Noticed Rupert
 12260 | Lair:4   | Paralysed by Rupert for 7 turns
 12265 | Lair:4   | Killed Rupert
 12265 | Lair:4   | Reached skill level 10 in Shields
 12268 | Lair:4   | Gained mutation: You sometimes gain a little power by taking damage. [demonic ancestry]
 12268 | Lair:4   | Reached XP level 13. HP: 93/93 MP: 4/13
 12299 | Lair:4   | Reached skill level 12 in Axes
 12320 | Lair:4   | Noticed Sonja
 12324 | Lair:4   | Killed Sonja
 13409 | Lair:5   | Reached ****** piety under Trog
 13416 | Lair:5   | Found a staircase to the Slime Pits.
 13581 | Lair:5   | Got a jewelled scale mail
 13592 | Lair:5   | Identified the +4 scale mail "Diserchi" {*Slow rN+ rCorr Dex+8} (You found it on level 5 of the Lair of Beasts)
 13901 | Orc:1    | Entered Level 1 of the Orcish Mines
 14215 | Orc:1    | Noticed an orc warlord
 14219 | Orc:1    | Received a gift from Trog
 14247 | Orc:1    | Killed an orc warlord
 14735 | Lair:6   | Entered Level 6 of the Lair of Beasts
 15017 | Lair:6   | Noticed Kirke
 15030 | Lair:6   | Killed Kirke
 15030 | Lair:6   | Reached skill level 13 in Axes
 15034 | Lair:6   | Gained mutation: You sometimes gain power by taking damage. [demonic ancestry]
 15034 | Lair:6   | Reached XP level 14. HP: 104/104 MP: 4/14
 15465 | Lair:6   | Received a gift from Trog
 16147 | D:8      | Found a glowing golden altar of the Shining One.
 16147 | D:8      | Found a radiant altar of Vehumet.
 17075 | D:11     | Reached skill level 10 in Armour
 17252 | D:12     | Noticed Psyche
 17255 | D:12     | Killed Psyche
 17295 | D:12     | Noticed Azrael
 17302 | D:12     | Noticed Frances
 17302 | D:12     | Killed Azrael
 17314 | D:12     | Killed Frances
 17410 | D:12     | Received a gift from Trog
 17906 | D:13     | Reached skill level 14 in Axes
 17913 | D:13     | Found a gate to the Vaults.
 18293 | D:13     | Gained mutation: You regenerate a lot of health from kills. [demonic ancestry]
 18293 | D:13     | Reached XP level 15. HP: 106/112 MP: 15/15
 18655 | D:14     | Found an iron altar of Okawaru.
 18959 | D:14     | Identified a scroll of acquirement
 18959 | D:14     | Got a pair of warped gloves
 18970 | D:14     | Identified the +2 pair of gloves "Ypneacakh" {rN++} (You acquired it on level 14 of the Dungeon)
 19191 | D:14     | Received a gift from Trog
 19567 | D:15     | Entered Level 15 of the Dungeon
 19805 | D:15     | Reached skill level 5 in Dodging
 19822 | D:15     | Found a staircase to the Depths.
 19839 | D:15     | Gained mutation: Your flesh is heat resistant. (rF+) [mutagenic meat]
 19842 | D:15     | Lost mutation: You are agile. (Dex +2) [mutagenic meat]
 19856 | D:15     | Gained mutation: Your spells are a little harder to cast, but a little more powerful. [mutagenic meat]
 19857 | D:15     | Gained mutation: Your natural rate of healing is unusually fast. [mutagenic meat]
 19958 | D:15     | Gained mutation: You are agile. (Dex +2) [mutagenic meat]
 19959 | D:15     | Gained mutation: You can translocate small distances at will. [mutagenic meat]
 19960 | D:15     | Lost mutation: Scrolls take you a little longer to read. [mutagenic meat]
 19991 | D:15     | Gained mutation: You are dopey. (Int -2) [mutagenic meat]
 19992 | D:15     | Lost mutation: You are agile. (Dex +2) [mutagenic meat]
 20630 | Orc:2    | Entered Level 2 of the Orcish Mines
 20674 | Orc:2    | Found Jiditup's Book Shop.
 20675 | Orc:2    | Noticed toffzen's ghost (journeyman DECj)
 20680 | Orc:2    | Slain by an orc warrior

Skill      XL: |  1  2  3  4  5  6  7  8  9 10 11 12 13 14 15 |
---------------+----------------------------------------------+-----
Axes           | 3 4 5 6 8 9 10 11 13 14 | 14.6
Fighting       | 4 5 7 9 10 12 13 | 13.9
Armour         | 4 6 9 11 | 11.8
Shields        | 5 10 11 | 11.0
Dodging        | 6 |  6.6

Action                   |  1- 3 |  4- 6 |  7- 9 | 10-12 | 13-15 || total
-------------------------+-------+-------+-------+-------+-------++-------
Melee: Hand axe          |   121 |    97 |   357 |   102 |       ||   677
       Headbutt          |       |       |    22 |   126 |   245 ||   393
       War axe           |       |       |       |   205 |    12 ||   217
       Kick              |       |       |       |   205 |   392 ||   597
       Broad axe         |       |       |       |   213 |   810 ||  1023
       Dire flail        |       |       |       |     6 |       ||     6
       Morningstar       |       |       |       |     6 |     4 ||    10
Invok: Berserk           |     4 |     1 |     6 |     6 |     4 ||    21
       Trog's Hand       |       |       |     1 |     3 |     6 ||    10
       Brothers in Arms  |       |       |       |     1 |     1 ||     2
Evoke: Wand              |       |       |     1 |     2 |     1 ||     4
  Use: Potion            |       |       |    12 |     6 |     1 ||    19
       Scroll            |       |       |    12 |    10 |    12 ||    34
 Stab: Sleeping          |     1 |       |       |       |       ||     1
  Eat: Chunk             |     5 |     3 |    20 |    20 |    37 ||    85
       Bread ration      |       |       |     1 |       |       ||     1
       Beef jerky        |       |       |       |     3 |       ||     3
       Meat ration       |       |       |       |     1 |     2 ||     3
       Royal jelly       |       |       |       |       |     1 ||     1
Armor: Animal skin       |    25 |       |       |       |       ||    25
       Ring mail         |    11 |    24 |    17 |       |       ||    52
       Plate armour      |       |       |   264 |   480 |   389 ||  1133
       Skin              |       |       |    14 |       |     1 ||    15
Dodge: Dodged            |    69 |    60 |   118 |   206 |   162 ||   615
Block: Shield            |       |       |       |   111 |   432 ||   543
